 Dungeon Crawl Stone Soup version 0.23-b1-51-gfe822ef6ca (webtiles) character file.

Game seed: 7861780573482470603

903 LostNumber the Grasshopper (level 8, -1/63 HPs)
             Began as a Gnoll Warper on Feb 3, 2019.
             Was an Initiate of Okawaru.
             Splashed by a jelly's acid (3 damage)
             ... on level 5 of the Dungeon.
             The game lasted 00:10:40 (5843 turns).

LostNumber the Grasshopper (Gnoll Warper)           Turns: 5843, Time: 00:10:41

Health: -1/63      AC: -7    Str: 17    XL:     8   Next: 7%
Magic:  14/16      EV:  9    Int: 16    God:    Okawaru [......]
Gold:   106        SH:  0    Dex: 15    Spells: 4/18 levels left

rFire    . . .     SeeInvis .   a - +0 falchion
rCold    . . .     Gourm    .   (no shield)
rNeg     . . .     Faith    .   w - +0 chain mail
rPois    .         Spirit   .   (no helmet)
rElec    .         Reflect  .   (no cloak)
rCorr    .         Harm     .   (no gloves)
MR       .....                  (no boots)
Stlth    ..........             (no amulet)
HPRegen  0.20/turn              g - +3 ring of protection
MPRegen  0.15/turn              r - +2 ring of strength

@: corroded
A: distributed training, fangs 1, strong nose
a: Renounce Religion


You were on level 5 of the Dungeon.
You worshipped Okawaru.
Okawaru was noncommittal.
You were hungry.

You visited 1 branch of the dungeon, and saw 5 of its levels.

You collected 246 gold pieces.
You spent 140 gold pieces at shops.

Inventory:

Hand Weapons
 a - a +0 falchion (weapon)
Missiles
 e - 5 tomahawks of dispersal (quivered)
 t - 2 tomahawks
Armour
 b - a +0 leather armour
 w - a +0 chain mail (worn)
Jewellery
 g - a +3 ring of protection (left hand)
 r - a +2 ring of strength (right hand)
Wands
 l - a wand of paralysis (6)
Scrolls
 c - 2 scrolls of magic mapping {unknown}
 d - a scroll of blinking
 o - 2 scrolls of immolation {unknown}
 p - a scroll of enchant weapon {unknown}
 q - a scroll of teleportation {unknown}
 u - a scroll of remove curse {unknown}
 x - a scroll of enchant armour {unknown}
 y - a scroll of identify
Potions
 h - a potion of magic
 i - a potion of flight {unknown}
 j - 2 potions of haste
 k - 3 potions of curing
 m - a potion of heal wounds
 n - a potion of might {unknown}
 s - a potion of degeneration {unknown}
 v - a potion of mutation {unknown}
 z - a potion of berserk rage
 A - a potion of brilliance {unknown}
Comestibles
 f - 8 rations


   Skills:
 + Level 5.4 Fighting
 + Level 2.8 Short Blades
 + Level 5.4 Long Blades
 + Level 2.8 Axes
 + Level 2.8 Maces & Flails
 + Level 2.8 Polearms
 + Level 2.8 Staves
 + Level 2.8 Slings
 + Level 2.8 Bows
 + Level 2.8 Crossbows
 + Level 3.9 Throwing
 + Level 3.9 Armour
 + Level 5.4 Dodging
 + Level 2.8 Stealth
 + Level 2.8 Shields
 + Level 2.8 Unarmed Combat
 + Level 5.8 Spellcasting
 + Level 2.3 Conjurations
 + Level 2.3 Hexes
 + Level 2.3 Charms
 + Level 2.3 Summonings
 + Level 2.3 Necromancy
 + Level 6.0 Translocations
 + Level 2.3 Transmutations
 + Level 2.3 Fire Magic
 + Level 2.3 Ice Magic
 + Level 2.3 Air Magic
 + Level 2.3 Earth Magic
 + Level 2.3 Poison Magic
 + Level 3.1 Invocations
 + Level 2.8 Evocations


You had 4 spell levels left.
You knew the following spells:

 Your Spells              Type           Power        Failure   Level  Hunger
a - Blink                 Tloc           N/A          26%         2    #......
b - Shroud of Golubria    Chrm/Tloc      ###.......   50%         2    #......
c - Lesser Beckoning      Tloc           ###.......   45%         3    ##.....
d - Teleport Other        Tloc           ###.....     45%         3    ##.....
e - Passage of Golubria   Tloc           N/A          86%         4    ####...

Your spell library contained the following spells:

 Spells                   Type           Power        Failure   Level  Hunger
 Gell's Gravitas          Tloc           ###.......   45%         3    ##.....


Dungeon Overview and Level Annotations

Branches:
Dungeon (5/15)             Temple (0/1) D:4

Altars:
Okawaru
Trog

Shops:
D:4 }

Annotations:
D:3 2 transporters


Innate Abilities, Weirdness & Mutations

Your experience applies equally to all skills.
You have very sharp teeth.
Your uncanny sense of smell can sniff out nearby items.


Message History

Evoke which item? (* to show all) (? for menu, Esc to quit)
Aiming: Paralyse
Press: ? - help, Shift-Dir - straight line, f - jelly
Aim: a jelly (almost dead, chance to defeat MR: 63%)
Okay, then.
Unknown command.
Okay, then.
Evoke which item? (* to show all) (? for menu, Esc to quit)
Aiming: Paralyse
Press: ? - help, Shift-Dir - straight line, f - jelly
Aim: a jelly (almost dead, chance to defeat MR: 63%)
The jelly resists with significant effort.
Evoke which item? (* to show all) (? for menu, Esc to quit)
Aiming: Paralyse
Press: ? - help, Shift-Dir - straight line, f/p - jelly
Aim: a jelly (almost dead, chance to defeat MR: 63%)
The jelly suddenly stops moving!
The helpless jelly fails to defend itself.
You hit the jelly.
Your hands burn!
You die...

...# #..............
..## #..........##..
..# ###........# ##
.## ##......## . ##
##.....# .. #
#....## ... #....#
##.... ###....#
####...... .
##+#≈#@J.#####...<.#
.. #≈...†...##.....#
##+#≈#.......####
###...##### #.###
### ∆


You could see a jelly (paralysed).

Vanquished Creatures
  Grinder (D:4)
  An ice beast (D:2)
  A black bear (D:4)
  An ogre (D:4)
  A scorpion (D:4)
  A quasit (D:2)
  An orc priest (D:3)
  A hound (D:5)
  A bullfrog skeleton (D:5)
  2 worker ants (D:4)
  4 gnolls (D:3)
  9 adders
  6 worms
  2 dart slugs
  4 leopard geckos
  13 orcs
  2 ball pythons (D:3)
  4 giant cockroaches
  8 hobgoblins
  3 jackals (D:4)
  A quokka (D:5)
  2 bats
  8 frilled lizards
  4 goblins
  6 kobolds
  4 rats
91 creatures vanquished.

Notes
Turn   | Place    | Note
-------+----------+-------------------------------------------
     0 | D:1      | LostNumber the Gnoll Warper began the quest for the Orb.
     0 | D:1      | Reached XP level 1. HP: 20/20 MP: 6/6
   135 | D:1      | Reached XP level 2. HP: 21/26 MP: 7/7
   647 | D:2      | Reached XP level 3. HP: 26/31 MP: 9/9
   652 | D:2      | Learned a level 2 spell: Blink
   655 | D:2      | Learned a level 2 spell: Shroud of Golubria
   659 | D:2      | Learned a level 3 spell: Lesser Beckoning
   663 | D:2      | Learned a level 3 spell: Teleport Other
   749 | D:2      | Reached skill level 5 in Spellcasting
   962 | D:2      | Reached skill level 1 in Invocations
  1000 | D:2      | Noticed an ice beast
  1021 | D:2      | Killed an ice beast
  1021 | D:2      | Reached skill level 1 in Short Blades
  1021 | D:2      | Reached skill level 1 in Axes
  1021 | D:2      | Reached skill level 1 in Maces & Flails
  1021 | D:2      | Reached skill level 1 in Polearms
  1021 | D:2      | Reached skill level 1 in Staves
  1021 | D:2      | Reached skill level 1 in Slings
  1021 | D:2      | Reached skill level 1 in Bows
  1021 | D:2      | Reached skill level 1 in Crossbows
  1021 | D:2      | Reached skill level 1 in Stealth
  1021 | D:2      | Reached skill level 1 in Shields
  1021 | D:2      | Reached skill level 1 in Unarmed Combat
  1021 | D:2      | Reached skill level 1 in Conjurations
  1021 | D:2      | Reached skill level 1 in Hexes
  1021 | D:2      | Reached skill level 1 in Charms
  1021 | D:2      | Reached skill level 1 in Summonings
  1021 | D:2      | Reached skill level 1 in Necromancy
  1021 | D:2      | Reached skill level 1 in Transmutations
  1021 | D:2      | Reached skill level 1 in Fire Magic
  1021 | D:2      | Reached skill level 1 in Ice Magic
  1021 | D:2      | Reached skill level 1 in Air Magic
  1021 | D:2      | Reached skill level 1 in Earth Magic
  1021 | D:2      | Reached skill level 1 in Poison Magic
  1021 | D:2      | Reached skill level 1 in Evocations
  1021 | D:2      | Reached XP level 4. HP: 8/38 MP: 8/11
  1021 | D:2      | Reached XP level 5. HP: 9/43 MP: 8/12
  2041 | D:3      | Learned a level 4 spell: Passage of Golubria
  2214 | D:3      | Reached XP level 6. HP: 38/50 MP: 13/13
  2464 | D:3      | Found a transporter.
  2473 | D:3      | Found a transporter.
  3960 | D:4      | Noticed Grinder
  3967 | D:4      | Reached skill level 5 in Fighting
  3967 | D:4      | Reached skill level 5 in Long Blades
  3967 | D:4      | Reached skill level 5 in Dodging
  4503 | D:5      | Entered Level 5 of the Dungeon
  4712 | D:4      | Reached XP level 7. HP: 41/56 MP: 10/15
  4899 | D:4      | Killed Grinder
  4998 | D:4      | Found a bloodstained altar of Trog.
  4999 | D:4      | Found an iron altar of Okawaru.
  5010 | D:4      | Became a worshipper of Warmaster Okawaru
  5230 | D:4      | Found Suw Ciucy's Gadget Boutique.
  5241 | D:4      | Bought a wand of paralysis (8) for 140 gold pieces
  5288 | D:4      | Reached XP level 8. HP: 54/63 MP: 16/16
  5317 | D:4      | Found a staircase to the Ecumenical Temple.
  5729 | D:5      | Reached skill level 6 in Translocations
  5835 | D:5      | HP: 1/63 [acid (8)]
  5843 | D:5      | Splashed by a jelly's acid

Skill      XL: |  1  2  3  4  5  6  7  8 |
---------------+-------------------------+-----
Spellcasting   | 5 |  5.8
Invocations    | 1 2 3 |  3.1
Short Blades   | 1 2 |  2.8
Axes           | 1 2 |  2.8
Maces & Flails | 1 2 |  2.8
Polearms       | 1 2 |  2.8
Staves         | 1 2 |  2.8
Slings         | 1 2 |  2.8
Bows           | 1 2 |  2.8
Crossbows      | 1 2 |  2.8
Stealth        | 1 2 |  2.8
Shields        | 1 2 |  2.8
Unarmed Combat | 1 2 |  2.8
Conjurations   | 1 2 |  2.3
Hexes          | 1 2 |  2.3
Charms         | 1 2 |  2.3
Summonings     | 1 2 |  2.3
Necromancy     | 1 2 |  2.3
Transmutations | 1 2 |  2.3
Fire Magic     | 1 2 |  2.3
Ice Magic      | 1 2 |  2.3
Air Magic      | 1 2 |  2.3
Earth Magic    | 1 2 |  2.3
Poison Magic   | 1 2 |  2.3
Evocations     | 1 2 |  2.8
Throwing       | 3 |  3.9
Armour         | 3 |  3.9
Fighting       | 5 |  5.4
Long Blades    | 5 |  5.4
Dodging        | 5 |  5.4
Translocations | 6 |  6.0

Action                   |  1- 3 |  4- 6 |  7- 9 || total
-------------------------+-------+-------+-------++-------
Melee: Falchion          |    80 |   216 |    97 ||   393
       Bite              |     5 |    28 |    12 ||    45
       Punch             |       |     3 |     2 ||     5
 Cast: Shroud of Golubri |     2 |    12 |       ||    14
       Blink             |       |     1 |     1 ||     2
       Teleport Other    |       |     1 |       ||     1
       Passage of Golubr |       |     1 |       ||     1
Evoke: Wand              |       |       |     2 ||     2
  Use: Scroll            |       |     5 |       ||     5
       Potion            |       |     2 |     1 ||     3
 Stab: Sleeping          |     1 |     4 |       ||     5
       Paralysed         |       |       |     1 ||     1
  Eat: Chunk             |       |    13 |     3 ||    16
Armor: Leather armour    |     9 |    49 |       ||    58
       Chain mail        |       |     3 |    56 ||    59
Dodge: Dodged            |    59 |   204 |    43 ||   306
       Rpst.: Falchion   |    18 |    58 |    12 ||    88
